[Event "EWCCC Online Final 2020"]
[Site "Online"]
[Date "2020.12.21"]
[Round "1.4"]
[White "Gunina, Valentina"]
[Black "Mammadzada, Gunay"]
[Result "0-1"]
[ECO "D11"]
[WhiteElo "2451"]
[BlackElo "2443"]
[Annotator "RC"]
[PlyCount "92"]
[EventDate "2020.12.19"]
[EventType "team-tourn"]
[EventCountry "NET"]
[SourceTitle "playchess.com"]
[Source "ChessBase"]
[SourceQuality "1"]
[TimeControl "900+5"]

1. d4 d5 2. c4 c6 3. Nf3 Nf6 4. g3 dxc4 5. Bg2 g6 6. O-O Bg7 7. Qc2 b5 8. a4 Bb7 9. b3 cxb3 10. Qxb3 a6 11. axb5 cxb5 12. Ne5 Bd5 13. Bxd5 Qxd5 14. Qa3 Qxd4 15. Bb2 Qd6 16. Qb3 Qd5 17. Qxd5 Nxd5 18. Rd1 Nb6 19. Na3 O-O 20. Bd4 Na4 21. Rac1 Rd8 22. Ba1 Re8 23. Rc7 Nb6 24. Bd4 Nd5 25. Rb7 f6 26. Nd3 Nc6 27. Nc5 Rab8 28. Rxb8 Rxb8 29. e4 Ndb4 30. Be3 Rd8 31. Rc1 Ne5 32. Rb1 Nbc6 33. Nc2 Ra8 34. Kg2 Nc4 35. Bf4 e5 36. Bc1 Bf8 37. Ne6 Bd6 38. Ra1 Kf7 39. Nf4 exf4 40. gxf4 b4 41. Rb1 a5 42. Ne1 a4 43. Nd3 b3 44. e5 fxe5 45. fxe5 N6xe5 46. Nf4 Rb8 0-1

[Event "EWCCC Online Final 2020"]
[Site "Online"]
[Date "2020.12.21"]
[Round "2.1"]
[White "Kashlinskaya, Alina"]
[Black "Sliwicka, Alicja"]
[Result "1-0"]
[ECO "D00"]
[WhiteElo "2494"]
[BlackElo "2333"]
[Annotator "ChessBase"]
[PlyCount "99"]
[EventDate "2020.12.19"]
[EventType "team-tourn"]
[EventCountry "NET"]
[SourceTitle "playchess.com"]
[Source "ChessBase"]
[SourceQuality "1"]
[TimeControl "900+5"]

1. d4 Nf6 2. Bg5 d5 3. e3 c5 4. Bxf6 exf6 5. dxc5 Bxc5 6. c3 O-O 7. Nf3 f5 8. Be2 Nc6 9. O-O Be6 10. Nbd2 Qf6 11. Nb3 Bb6 12. a4 a6 13. a5 Ba7 14. Nbd4 Nxd4 15. exd4 Bb8 16. Re1 g5 17. Bd3 Qh6 18. Ne5 Bd6 19. f4 g4 20. g3 Rfe8 21. Bf1 f6 22. Nxg4 Qg7 23. Ne3 Bxf4 24. Bg2 Bd6 25. Qf3 f4 26. Nxd5 Kh8 27. Nxf4 Bg4 28. Qf2 h5 29. Rxe8+ Rxe8 30. Re1 Rg8 31. Bd5 Rf8 32. Ne6 Bxe6 33. Rxe6 Bb8 34. Qe2 Qg5 35. Re8 Qh6 36. Rxf8+ Qxf8 37. Qxh5+ Kg7 38. Qg4+ Kh6 39. Bxb7 f5 40. Qh4+ Kg6 41. Bf3 f4 42. Be4+ Kf7 43. Qh7+ Ke6 44. Qg6+ Ke7 45. Bf5 Qf6 46. Qxf6+ Kxf6 47. g4 Kg5 48. Kf2 Kh4 49. Kf3 Bd6 50. Bd3 1-0

[Event "EWCCC Online Final 2020"]
[Site "Online"]
[Date "2020.12.21"]
[Round "2.1"]
[White "Antolak, Julia"]
[Black "Kosteniuk, Alexandra"]
[Result "1-0"]
[ECO "B15"]
[WhiteElo "2307"]
[BlackElo "2471"]
[Annotator "ChessBase"]
[PlyCount "97"]
[EventDate "2020.12.19"]
[EventType "team-tourn"]
[EventCountry "NET"]
[SourceTitle "playchess.com"]
[Source "ChessBase"]
[SourceQuality "1"]
[TimeControl "900+5"]

1. e4 c6 2. d4 d5 3. Nc3 dxe4 4. Nxe4 Nf6 5. Nxf6+ exf6 6. c3 Bd6 7. Bd3 O-O 8. Qc2 Re8+ 9. Ne2 h5 10. O-O h4 11. Nf4 Qc7 12. g3 Nd7 13. Qd1 Nf8 14. Qh5 Qd7 15. Bd2 Qg4 16. Qxg4 Bxg4 17. Rfe1 g6 18. Ng2 hxg3 19. hxg3 Kg7 20. Ne3 Bf3 21. Be2 Be4 22. f3 Bxg3 23. fxe4 Bxe1 24. Rxe1 Rxe4 25. Bf3 Ree8 26. c4 Ne6 27. d5 Ng5 28. Bg2 Ne4 29. Bxe4 Rxe4 30. Kf2 f5 31. d6 f6 32. c5 b6 33. b4 Rh8 34. Ng2 Rxe1 35. Bxe1 b5 36. Bc3 Kf7 37. Nf4 g5 38. Ne2 f4 39. Nd4 g4 40. Nxc6 Ke6 41. Bxf6 Rh2+ 42. Kg1 Rd2 43. Be5 f3 44. Bf4 Rg2+ 45. Kf1 g3 46. Nd4+ Kf7 47. Bxg3 Rxg3 48. c6 Rg2 49. c7 1-0

[Event "EWCCC Online Final 2020"]
[Site "Online"]
[Date "2020.12.21"]
[Round "2.1"]
[White "Afraoui, Anaelle"]
[Black "Kulon, Klaudia"]
[Result "0-1"]
[ECO "C71"]
[WhiteElo "2106"]
[BlackElo "2347"]
[Annotator "NA"]
[PlyCount "64"]
[EventDate "2020.12.19"]
[EventType "team-tourn"]
[EventCountry "NET"]
[SourceTitle "playchess.com"]
[Source "ChessBase"]
[SourceQuality "1"]
[TimeControl "900+5"]

1. e4 e5 2. Nf3 Nc6 3. Bb5 a6 4. Ba4 d6 5. d4 b5 6. Bb3 exd4 7. c3 d3 8. Qxd3 Be6 9. Bxe6 fxe6 10. O-O Be7 11. a4 Rb8 12. axb5 axb5 13. Ra6 Qd7 14. Na3 b4 15. Nc2 bxc3 16. Qxc3 Nd8 17. Qxg7 Bf6 18. Qxd7+ Kxd7 19. e5 dxe5 20. Rd1+ Kc8 21. Re1 Ne7 22. Nxe5 Ng6 23. Nxg6 hxg6 24. Ra2 Rh5 25. Ne3 Rhb5 26. Nc4 Rc5 27. Ne3 Nc6 28. Ra4 Nd4 29. Rc4 Rbb5 30. Kf1 Nb3 31. Rd1 Rxc4 32. Nxc4 Rc5 0-1

[Event "EWCCC Online Final 2020"]
[Site "Online"]
[Date "2020.12.21"]
[Round "2.2"]
[White "Mammadzada, Gunay"]
[Black "Javakhishvili, Lela"]
[Result "1/2-1/2"]
[ECO "B45"]
[WhiteElo "2443"]
[BlackElo "2473"]
[Annotator "ChessBase"]
[PlyCount "92"]
[EventDate "2020.12.19"]
[EventType "team-tourn"]
[EventCountry "NET"]
[SourceTitle "playchess.com"]
[Source "ChessBase"]
[SourceQuality "1"]
[TimeControl "900+5"]

1. e4 c5 2. Nf3 e6 3. d4 cxd4 4. Nxd4 Nc6 5. Nc3 Nf6 6. Ndb5 Bb4 7. a3 Bxc3+ 8. Nxc3 d5 9. exd5 exd5 10. Bd3 O-O 11. O-O d4 12. Ne2 Bg4 13. Bg5 h6 14. Bh4 Bxe2 15. Bxe2 Re8 16. Qd3 Ne5 17. Qb3 Ng6 18. Bxf6 Qxf6 19. Qxb7 Rab8 20. Qxa7 Rxb2 21. Bd3 Nf4 22. Qd7 Rd8 23. Qf5 Nxd3 24. Qxf6 gxf6 25. cxd3 Rb3 26. Rfd1 Rc8 27. a4 Rcc3 28. Kf1 Rc2 29. Kg1 Rbb2 30. Rf1 Ra2 31. g4 Kg7 32. Kg2 Rxf2+ 33. Rxf2 Rxa1 34. Kf3 Rxa4 35. Ke4 Kg6 36. h3 Rb4 37. Rf5 Ra4 38. Rd5 Ra1 39. Kxd4 Ra4+ 40. Kc5 Ra3 41. Kb4 Ra1 42. Kc3 Rh1 43. Rh5 f5 44. Rxf5 Rxh3 45. Rf4 Kg5 46. Rxf7 Kxg4 1/2-1/2

[Event "EWCCC Online Final 2020"]
[Site "Online"]
[Date "2020.12.21"]
[Round "2.2"]
[White "Arabidze, Meri"]
[Black "Mammadova, Gulnar"]
[Result "1/2-1/2"]
[ECO "A06"]
[WhiteElo "2437"]
[BlackElo "2382"]
[Annotator "NA"]
[PlyCount "110"]
[EventDate "2020.12.19"]
[EventType "team-tourn"]
[EventCountry "NET"]
[SourceTitle "playchess.com"]
[Source "ChessBase"]
[SourceQuality "1"]
[TimeControl "900+5"]

1. Nf3 d5 2. b3 c5 3. e3 Nc6 4. Bb5 Bg4 5. h3 Bxf3 6. Qxf3 Nf6 7. Bb2 a6 8. Bxc6+ bxc6 9. d3 g6 10. Nc3 Bg7 11. Na4 O-O 12. O-O Nd7 13. Bxg7 Kxg7 14. c4 e6 15. Qe2 Qe7 16. Rac1 a5 17. Qb2+ Kg8 18. Rc2 e5 19. cxd5 cxd5 20. Rfc1 Rfc8 21. Qa3 d4 22. e4 Rc6 23. Rc4 Rac8 24. R1c2 Kg7 25. Qc1 h5 26. Qe1 Qd8 27. Qc1 Qe7 28. a3 Rb8 29. b4 axb4 30. axb4 Nb6 31. Rxc5 Rxc5 32. Nxc5 Nd7 33. Nxd7 Qxd7 34. Rc4 Qa4 35. Qg5 Qd1+ 36. Kh2 Re8 37. Qg3 h4 38. Qf3 Qxf3 39. gxf3 Rb8 40. f4 f6 41. Kg2 Kf7 42. fxe5 fxe5 43. Kf3 Ke7 44. Kg4 Rf8 45. b5 Rxf2 46. Rb4 Rf4+ 47. Kg5 Kd7 48. b6 Kc8 49. b7+ Kb8 50. Rb3 Rf2 51. Kxh4 Rg2 52. Rb1 Rd2 53. Rb3 Rg2 54. Rb5 Rd2 55. Rb3 Rg2 1/2-1/2

[Event "EWCCC Online Final 2020"]
[Site "Online"]
[Date "2020.12.21"]
[Round "2.3"]
[White "Sebag, Marie"]
[Black "Gara, Anita"]
[Result "1-0"]
[ECO "C42"]
[WhiteElo "2438"]
[BlackElo "2350"]
[Annotator "NA"]
[PlyCount "85"]
[EventDate "2020.12.19"]
[EventType "team-tourn"]
[EventCountry "NET"]
[SourceTitle "playchess.com"]
[Source "ChessBase"]
[SourceQuality "1"]
[TimeControl "900+5"]

1. e4 e5 2. Nf3 Nf6 3. Nxe5 d6 4. Nf3 Nxe4 5. d4 d5 6. Bd3 Bd6 7. O-O O-O 8. c4 c6 9. Re1 Bf5 10. Nc3 Nxc3 11. bxc3 Bxd3 12. Qxd3 dxc4 13. Qxc4 b5 14. Qd3 Nd7 15. a4 b4 16. c4 c5 17. d5 Qf6 18. Bg5 Qg6 19. Qxg6 hxg6 20. Be7 Bxe7 21. Rxe7 Nb6 22. Nd2 Rfe8 23. Rxe8+ Rxe8 24. a5 Nc8 25. Kf1 Nd6 26. a6 Kf8 27. Ra5 Rc8 28. Ke2 Ke7 29. Kd3 f5 30. Nb3 Ne4 31. f3 Nc3 32. Nxc5 Kd6 33. Ne6 Rb8 34. Nd4 Re8 35. Nb5+ Nxb5 36. Rxb5 Re1 37. Rxb4 Kc5 38. Rb5+ Kd6 39. Rb7 Rg1 40. Rxa7 Rxg2 41. Rxg7 Rxh2 42. a7 Ra2 43. Rxg6+ 1-0

[Event "EWCCC Online Final 2020"]
[Site "Online"]
[Date "2020.12.21"]
[Round "2.3"]
[White "Salimova, Nurgyul"]
[Black "Gara, Ticia"]
[Result "0-1"]
[ECO "D02"]
[WhiteElo "2397"]
[BlackElo "2383"]
[Annotator "NA"]
[PlyCount "92"]
[EventDate "2020.12.19"]
[EventType "team-tourn"]
[EventCountry "NET"]
[SourceTitle "playchess.com"]
[Source "ChessBase"]
[SourceQuality "1"]
[TimeControl "900+5"]

1. d4 Nf6 2. Nf3 e6 3. g3 c5 4. Bg2 d5 5. O-O cxd4 6. Nxd4 e5 7. Nb3 Be6 8. Nc3 Be7 9. Bg5 Nbd7 10. f4 exf4 11. gxf4 g6 12. Kh1 h6 13. Bh4 Ng4 14. Bg3 O-O 15. Nxd5 Bxd5 16. Qxd5 Ne3 17. Qxb7 Nxf1 18. Rxf1 Nb6 19. f5 Rc8 20. Qe4 Rc4 21. Qf3 Rxc2 22. f6 Bxf6 23. Qxf6 Qxf6 24. Rxf6 Rxb2 25. Bf3 Rxa2 26. Nc5 Nc4 27. Bd5 Ra1+ 28. Kg2 Ne3+ 29. Kh3 Nxd5 30. Rd6 Ne3 31. Nd7 Rc8 32. Rd3 Rd1 33. Nf6+ Kg7 34. Rxe3 Kxf6 35. Be5+ Kf5 36. Bg7 g5 37. Re7 Kg6 38. Be5 Rd5 39. Bg3 a5 40. Ra7 Re8 41. Ra6+ Re6 42. Ra8 Rxe2 43. Rg8+ Kh5 44. Rg7 f5 45. Bc7 Rd3+ 46. Bg3 g4+ 0-1

[Event "EWCCC Online Final 2020"]
[Site "Online"]
[Date "2020.12.21"]
[Round "2.4"]
[White "Badelka, Olga"]
[Black "Nandhidhaa, P V"]
[Result "0-1"]
[ECO "A25"]
[WhiteElo "2440"]
[BlackElo "2365"]
[Annotator "NA"]
[PlyCount "81"]
[EventDate "2020.12.19"]
[EventType "team-tourn"]
[EventCountry "NET"]
[SourceTitle "playchess.com"]
[Source "ChessBase"]
[SourceQuality "1"]
[TimeControl "900+5"]

1. c4 e5 2. g3 Nc6 3. Bg2 f5 4. d3 Nf6 5. Nc3 Bc5 6. Nf3 O-O 7. O-O d6 8. e3 a6 9. a3 Ba7 10. b4 Ne7 11. d4 e4 12. Ne1 c6 13. d5 cxd5 14. cxd5 Ng6 15. f3 Ne5 16. f4 Nc4 17. Nc2 b5 18. Nd4 Ng4 19. Re1 Qf6 20. Nce2 Ncxe3 21. Bxe3 Nxe3 22. Qd2 Nc4 23. Qc3 Bb7 24. Kh1 Bxd5 25. Rad1 Rac8 26. Nxb5 axb5 27. Qxf6 Rxf6 28. Rxd5 Ne3 29. Rxb5 d5 30. Rb7 Rf7 31. Rxf7 Kxf7 32. Rc1 Rxc1+ 33. Nxc1 d4 34. Nb3 d3 35. Kg1 Nc2+ 36. Kf1 e3 37. Bf3 Nxa3 38. Na5 Nc2 39. Nc6 Nd4 40. Ne5+ Ke7 41. Bh1 0-1

[Event "EWCCC Online Final 2020"]
[Site "Online"]
[Date "2020.12.21"]
[Round "2.5"]
[White "Goryachkina, Aleksandra"]
[Black "Muzychuk, Anna"]
[Result "1/2-1/2"]
[ECO "D78"]
[WhiteElo "2592"]
[BlackElo "2535"]
[Annotator "ChessBase"]
[PlyCount "72"]
[EventDate "2020.12.19"]
[EventType "team-tourn"]
[EventCountry "NET"]
[SourceTitle "playchess.com"]
[Source "ChessBase"]
[SourceQuality "1"]
[TimeControl "900+5"]

1. d4 Nf6 2. c4 g6 3. Nf3 Bg7 4. g3 O-O 5. Bg2 c6 6. O-O d5 7. Qb3 Qb6 8. Nc3 Rd8 9. Na4 Qxb3 10. axb3 Na6 11. Bf4 Bf5 12. Rfc1 h6 13. Be5 g5 14. Nc3 Ne4 15. Bxg7 Kxg7 16. Ra4 e6 17. e3 Nc7 18. Nxe4 Bxe4 19. Nd2 Bxg2 20. Kxg2 a6 21. Nf3 Ne8 22. h4 f6 23. hxg5 hxg5 24. c5 Nc7 25. Rh1 Rh8 26. Raa1 Rxh1 27. Rxh1 Nb5 28. g4 Rb8 29. Ra1 Rh8 30. b4 Kg6 31. Rh1 Rb8 32. Nd2 Re8 33. Nf3 Ra8 34. Ra1 Rh8 35. Rh1 Ra8 36. Ra1 Rh8 1/2-1/2

[Event "EWCCC Online Final 2020"]
[Site "Online"]
[Date "2020.12.21"]
[Round "2.5"]
[White "Muzychuk, Mariya"]
[Black "Dzagnidze, Nana"]
[Result "1/2-1/2"]
[ECO "B31"]
[WhiteElo "2544"]
[BlackElo "2524"]
[Annotator "ChessBase"]
[PlyCount "111"]
[EventDate "2020.12.19"]
[EventType "team-tourn"]
[EventCountry "NET"]
[SourceTitle "playchess.com"]
[Source "ChessBase"]
[SourceQuality "1"]
[TimeControl "900+5"]

1. e4 c5 2. Nf3 Nc6 3. Bb5 g6 4. Bxc6 dxc6 5. d3 Qc7 6. Nbd2 e5 7. Nc4 f6 8. Bd2 Be6 9. Qe2 Nh6 10. a4 Nf7 11. a5 Nd6 12. O-O Nxc4 13. dxc4 Be7 14. Nh4 O-O-O 15. a6 b6 16. f4 Rd4 17. b3 f5 18. exf5 gxf5 19. Nf3 Re4 20. Qf2 exf4 21. Bc3 Rg8 22. Rfe1 Bd6 23. Rad1 Qe7 24. Ne5 Bd7 25. Nxd7 Kxd7 26. Rxe4 fxe4 27. Qxf4 Rf8 28. Qh6 e3 29. Re1 e2 30. Qd2 Qh4 31. g3 Rf1+ 32. Rxf1 Qxh2+ 33. Kxh2 exf1=N+ 34. Kh3 Nxd2 35. Bxd2 Ke6 36. Kg4 Kf6 37. Bg5+ Kg6 38. Bd8 Bb8 39. c3 h6 40. b4 cxb4 41. cxb4 b5 42. cxb5 cxb5 43. Be7 Bc7 44. Bc5 Bb8 45. Kh4 h5 46. Be3 Kf5 47. Kxh5 Ke4 48. Bc5 Bxg3 49. Bxa7 Kd5 50. Bc5 Kc6 51. Kg4 Be1 52. Kf5 Bxb4 53. Bxb4 Kb6 54. Ke5 Kxa6 55. Bc3 b4 56. Bxb4 1/2-1/2

[Event "EWCCC Online Final 2020"]
[Site "Online"]
[Date "2020.12.21"]
[Round "2.5"]
[White "Buksa, Nataliya"]
[Black "Paehtz, Elisabeth"]
[Result "1/2-1/2"]
[ECO "B06"]
[WhiteElo "2413"]
[BlackElo "2467"]
[Annotator "ChessBase"]
[PlyCount "112"]
[EventDate "2020.12.19"]
[EventType "team-tourn"]
[EventCountry "NET"]
[SourceTitle "playchess.com"]
[Source "ChessBase"]
[SourceQuality "1"]
[TimeControl "900+5"]

1. e4 c5 2. c3 d5 3. exd5 Qxd5 4. d4 g6 5. Nf3 Bg7 6. Nbd2 cxd4 7. Bc4 Qd8 8. Nxd4 Nf6 9. O-O O-O 10. Qe2 Bg4 11. N2f3 Qc7 12. h3 Bxf3 13. Nxf3 Nc6 14. a4 Nh5 15. Qe4 Rad8 16. Bg5 Qb6 17. Qc2 Qc5 18. Bb3 Rc8 19. Be3 Qa5 20. Rad1 Qc7 21. Qe4 a6 22. Rfe1 Nf6 23. Qh4 Na5 24. Ba2 Rcd8 25. Qb4 Nc6 26. Qb6 Qc8 27. Ng5 Rxd1 28. Rxd1 h6 29. Nf3 g5 30. Qb3 Na5 31. Qb4 Nc6 32. Qc4 e6 33. Bb1 Rd8 34. Rxd8+ Qxd8 35. Qd3 Qxd3 36. Bxd3 Nd5 37. Bc5 Bf8 38. Bxf8 Kxf8 39. Be4 Nb6 40. b3 Ke7 41. Kf1 Kd6 42. Ke2 f5 43. Bxc6 bxc6 44. g3 c5 45. Nd2 a5 46. Kd3 Kd5 47. f4 gxf4 48. gxf4 e5 49. fxe5 Kxe5 50. Ke3 Nd5+ 51. Kf3 Nb6 52. h4 h5 53. Ke3 Nd5+ 54. Kf3 Nb6 55. Ke3 Nd5+ 56. Kf3 Nb6 1/2-1/2

[Event "EWCCC Online Final 2020"]
[Site "Online"]
[Date "2020.12.21"]
[Round "3.5"]
[White "Mammadova, Gulnar"]
[Black "Kashlinskaya, Alina"]
[Result "1-0"]
[ECO "C00"]
[WhiteElo "2382"]
[BlackElo "2494"]
[Annotator "RC"]
[PlyCount "75"]
[EventDate "2020.12.19"]
[EventType "team-tourn"]
[EventCountry "NET"]
[SourceTitle "playchess.com"]
[Source "ChessBase"]
[SourceQuality "1"]
[TimeControl "900+5"]

1. e4 e6 2. Qe2 Nc6 3. c3 e5 4. g3 Nf6 5. Bg2 d5 6. exd5 Nxd5 7. d4 Be6 8. dxe5 Qd7 9. Nf3 O-O-O 10. O-O Bh3 11. c4 Bxg2 12. Kxg2 Nb6 13. Be3 h5 14. Bxb6 axb6 15. Nc3 Be7 16. Rad1 Qe6 17. Nd5 g5 18. Nxe7+ Qxe7 19. Rxd8+ Rxd8 20. Re1 g4 21. Nh4 Qe6 22. b3 Rd4 23. Qe3 Qd7 24. Qg5 Rd2 25. Qxh5 Kb8 26. e6 fxe6 27. Qxg4 Nd4 28. Nf3 Qc6 29. Qe4 Nxf3 30. Qxf3 Qd6 31. h4 Rxa2 32. h5 Qd2 33. Qe3 Qc2 34. h6 Rb2 35. Re2 Qxe2 36. Qxe2 Rxe2 37. h7 Rb2 38. h8=Q+ 1-0

[Event "EWCCC Online Final 2020"]
[Site "Online"]
[Date "2020.12.21"]
[Round "4.2"]
[White "Kashlinskaya, Alina"]
[Black "Papp, Petra"]
[Result "1/2-1/2"]
[ECO "D80"]
[WhiteElo "2494"]
[BlackElo "2336"]
[Annotator "RC"]
[PlyCount "59"]
[EventDate "2020.12.19"]
[EventType "team-tourn"]
[EventCountry "NET"]
[SourceTitle "playchess.com"]
[Source "ChessBase"]
[SourceQuality "1"]
[TimeControl "900+5"]

1. d4 Nf6 2. c4 g6 3. Nc3 d5 4. Bg5 Ne4 5. Bf4 Nxc3 6. bxc3 Bg7 7. e3 c5 8. Nf3 cxd4 9. cxd4 O-O 10. Qd2 Nc6 11. Rc1 Bg4 12. Be2 Rc8 13. cxd5 Qxd5 14. h3 Bf5 15. Rc5 Qd8 16. O-O b6 17. Rxf5 gxf5 18. Ba6 Qd7 19. Bxc8 Rxc8 20. Rc1 e6 21. Rc2 Ne7 22. Be5 Rxc2 23. Qxc2 Qc6 24. Qd2 Ng6 25. Bxg7 Kxg7 26. Qb2 Kg8 27. Qe2 Kg7 28. Qb2 Kg8 29. Qe2 Kg7 30. Qb2 1/2-1/2

[Event "EWCCC Online Final 2020"]
[Site "Online"]
[Date "2020.12.21"]
[Round "4.2"]
[White "Lazarne Vajda, Szidonia"]
[Black "Kosteniuk, Alexandra"]
[Result "1/2-1/2"]
[ECO "A46"]
[WhiteElo "2345"]
[BlackElo "2471"]
[Annotator "RC"]
[PlyCount "170"]
[EventDate "2020.12.19"]
[EventType "team-tourn"]
[EventCountry "NET"]
[SourceTitle "playchess.com"]
[Source "ChessBase"]
[SourceQuality "1"]
[TimeControl "900+5"]

1. d4 Nf6 2. Nf3 e6 3. Bf4 b5 4. e3 Ba6 5. h3 d5 6. c3 c5 7. dxc5 Bxc5 8. Nbd2 O-O 9. a3 Bd6 10. Bd3 Bxf4 11. exf4 Nbd7 12. Qe2 Qc7 13. Ne5 Nc5 14. O-O Rfd8 15. Ndf3 Nxd3 16. Nxd3 Rab8 17. Nd4 Ne4 18. Rfd1 Bc8 19. a4 bxa4 20. Rxa4 Bd7 21. Ra3 a5 22. Ne5 Be8 23. c4 Nf6 24. f5 exf5 25. Nxf5 dxc4 26. Rxd8 Rxd8 27. Nxc4 Bb5 28. Rc3 Re8 29. Nfe3 Ne4 30. Rc2 Qd7 31. b3 Qd4 32. Qd1 Qxd1+ 33. Nxd1 a4 34. bxa4 Bxa4 35. Rc1 Rc8 36. Ndb2 Bb3 37. Re1 Bxc4 38. Rxe4 Be6 39. Nd3 g6 40. Re3 h5 41. Kh2 Rc2 42. Nf4 Bf5 43. Re2 Rc4 44. g3 h4 45. Nd5 hxg3+ 46. fxg3 Kf8 47. g4 Be6 48. Ne3 Rc3 49. Kg3 Rd3 50. Kf2 g5 51. Rb2 Kg7 52. Rc2 Kf6 53. Rc5 Ra3 54. Rb5 Kg6 55. Rc5 Ra4 56. Rb5 Rf4+ 57. Kg3 Rd4 58. Kf2 f6 59. Kg3 Re4 60. Kf3 Rf4+ 61. Kg3 Rd4 62. Kf3 Rd2 63. Rb6 Bd7 64. Kg3 Kf7 65. Kf3 Ke7 66. Kg3 Be6 67. Kf3 Ra2 68. Kg3 Ra3 69. Kf2 Kd7 70. Ke2 Ke7 71. Kf2 Kd7 72. Ke2 Ra5 73. Kf2 Re5 74. Kf3 Kc7 75. Rb4 Bd7 76. Nf1 Bc6+ 77. Kf2 Rd5 78. Rb3 Rd4 79. Ng3 Rf4+ 80. Kg1 Rc4 81. Nh5 Rc1+ 82. Kf2 Rc2+ 83. Kg1 Rc1+ 84. Kf2 Rc2+ 85. Kg1 Rc1+ 1/2-1/2